AoeStats
← Quaresma

Arena

509908255Analyzed
2v2 RM · 3d ago on Sep 28, 2026· 28m 0s· 4 players
Game mode
Random Map
Map size
Medium (4 player)
Population
200
Speed
Normal
Resources
Standard
Victory
Conquest
Starting age
Dark Age
Ending age
Imperial Age
RankedLock teamsTeams togetherTeam positionsShared explorationLock speedFull tech treeHidden civsTurbo modeCheats
Victory
Defeat
🇹🇷 Aztecs · Türkiye
1012
+16
🇪🇸 Spanish · Spain
1000
+18
🇩🇪 Spanish · Germany
1021
-17
🇩🇪 Franks · Germany
1020
-17
Dont_forget_me
8:45 Loom
10:42 Feudal Age
14:42 Castle Age
13:54 Double-Bit Axe
14:19 Horse Collar
18:02 Heavy Plow
18:20 Bow Saw
22:58 Wheelbarrow
27:03 Imperial Age
27:23 Hand Cart
Quaresma
11:11 Feudal Age
16:03 Castle Age
14:33 Double-Bit Axe
14:43 Gold Mining
21:08 Stone Mining
22:19 Sanctity
21:50 Town Watch
22:11 Horse Collar
23:33 Wheelbarrow
24:34 Loom
27:14 Hand Cart
26:59 Town Patrol
Idle_Wolf
12:02 Feudal Age
15:59 Castle Age
15:49 Loom
16:46 Fletching
16:49 Double-Bit Axe
19:53 Horse Collar
20:07 Gold Mining
25:25 Padded Archer Armor
Idle_Scout
10:44 Feudal Age
12:33 Double-Bit Axe
14:59 Castle Age
14:10 Loom
14:16 Double-Bit Axe
16:15 Bow Saw
16:44 Gold Mining
25:06 Scale Mail Armor
25:23 Forging
Connection lost

Rejoining the realm…

Still unreachable

The connection could not be restored.

Session expired

The server has moved on; the page needs a fresh start.